 Dungeon Sprint DCSS version 0.14-a0-2679-gcb94c3d (webtiles) character file.

274 BluebellGnoll the Tainter (level 6, -3/36 HPs)
             Began as an Octopode Venom Mage on Feb 17, 2014.
             Was a Believer of Vehumet.
             Incinerated by a mottled dragon (7 damage)
             ... with a sticky flame
             ... in the Dungeon (Sprint IX: "|||||||||||||||||||||||||||||").
             The game lasted 00:07:08 (498 turns).

BluebellGnoll the Tainter (Octopode Venom Mage)      Turns: 498, Time: 00:07:08

HP  -3/36        AC  1     Str 10      XL: 6   Next: 24%
MP  22/22        EV 12     Int 20      God: Vehumet [**....]
Gold 0           SH  0     Dex 15      Spells:  6 memorised,  7 levels left

rFire  . . .     SeeInvis .     r - +2 halberd (venom)
rCold  . . .     Clarity  .     (no shield)
rNeg   . . .     Conserve .     (helmet restricted)
rPois  .         rCorr    .     (no amulet)
rElec  .         rRot     .     n - +3 ring of strength
SustAb . .       Spirit   .     o - +3 ring of dexterity
rMut   .         Warding  .     (no ring)
Saprov . . .     NoTele   +     (no ring)
MR     .....                    (no ring)
                                (no ring)
                                (no ring)
                                (no ring)

@: liquid flames, invisible (but backlit and visible), very slightly
contaminated, glowing, not resistant to hostile enchantments, unstealthy
A: almost no armour, amphibious, 8 rings, constrict 8, camouflage 1, gelatinous
body 1
a: Renounce Religion


You were in the Dungeon.
You worshipped Vehumet.
Vehumet was pleased with you.
You were not hungry.

You visited 1 branch

Inventory:

Hand weapons
 q - a +2,+2 dwarven cutlass of distortion
 r - a +2,+2 halberd of venom (weapon)
 t - a +2,+2 morningstar of protection
Missiles
 j - 4 darts (quivered)
Magical devices
 m - a wand of fire (6)
Comestibles
 c - a bread ration
Scrolls
 i - a scroll of blinking
 k - 3 scrolls of remove curse
 l - a scroll of amnesia
Jewellery
 n - a +3 ring of strength (left tentacle)
 o - a +3 ring of dexterity (right tentacle)
Potions
 d - 5 potions of curing
 e - 3 potions of heal wounds
 f - a potion of speed
 g - 4 potions of magic
Books
 b - a Young Poisoner's Handbook

   Spells                             Type                      Level
   *Sting                             Conjuration/Poison           1
   *Cure Poison                       Poison                       2
   *Mephitic Cloud                    Conjuration/Poison/Air       3
   *Olgreb's Toxic Radiance           Poison                       4
   *Venom Bolt                        Conjuration/Poison           5
Magical staves
 v - an uncursed staff of energy


   Skills:
 - Level 2.0 Dodging
 - Level 2.6 Stealth
 + Level 9.0 Spellcasting
 * Level 2.0 Conjurations
 - Level 10.4 Poison Magic


You had 7 spell levels left.
You knew the following spells:

 Your Spells              Type           Power        Failure   Level  Hunger
a - Sting                 Conj/Pois      ####         1%          1    None
b - Cure Poison           Pois           ######....   1%          2    None
c - Mephitic Cloud        Conj/Pois/Air  ####....     6%          3    None
d - Olgreb's Toxic Radia  Pois           ######..     1%          4    ###....
e - Venom Bolt            Conj/Pois      ####......   17%         5    ####...
f - Flame Tongue          Conj/Fire      ##...        6%          1    None


Dungeon Overview and Level Annotations

Branches:
Dungeon (1/1)

Altars:
Ashenzari
Cheibriados
Dithmenos
Elyvilon
Fedhas
Kikubaaqudgha
Makhleb
Nemelex Xobeh
Okawaru
Sif Muna
Trog
Vehumet
Xom
Yredelemnul
Zin
The Shining One


Innate Abilities, Weirdness & Mutations

You cannot wear most types of armour.
You are amphibious.
You can wear up to eight rings at the same time.
You can use your tentacles to constrict many enemies at once.
Your skin changes colour to match your surroundings (Stlth).
Your rubbery body absorbs attacks (AC +1).


Message History

The mottled dragon closely misses you. The mottled dragon claws you.
You hit the mottled dragon. Your squeeze misses the mottled dragon.
The mottled dragon is moderately wounded.
The cyclops throws a large rock.
The large rock hits the phantom.
You miss the mottled dragon. You squeeze the mottled dragon!
The mottled dragon is heavily wounded.
The mottled dragon spits sticky flame at you.
The sticky flame hits you!
You are covered in liquid flames!
The mottled dragon bites you. The mottled dragon claws you.
* * * LOW HITPOINT WARNING * * *
Read which item? (? for menu, Esc to quit)
Blink to where?
Press: ? - help, Dir - move target cursor
As you read the scroll of blinking, it crumbles to dust.
You are covered in liquid flames!
One of your 2 scrolls of amnesia catches fire!
* * * LOW HITPOINT WARNING * * *
You are covered in liquid flames!
You die...

▓_▓
▓_▓
▓_▓
▓_▓
▓_▓
▓_▓
▓_▓
▓_▓
▓@▓
▓.▓
▓.▓
▓.▓
▓.▓
▓.▓
▓.▓
▓.▓
▓.▓


There were no monsters in sight!

Vanquished Creatures
  A killer bee (D)
  2 jellies (D)
  2 crimson imps (D)
  An orc wizard (D)
  2 worker ants (D)
  An adder (D)
  2 orcs (D)
  A jackal (D)
  A goblin zombie (D)
  4 kobolds (D)
  A rat (D)
18 creatures vanquished.

Notes
Turn   | Place    | Note
--------------------------------------------------------------
     0 | D        | BluebellGnoll, the Octopode Venom Mage, began the quest for the Orb.
     0 | D        | Reached XP level 1. HP: 11/11 MP: 3/3
    77 | D        | Noticed a crimson imp
    77 | D        | Noticed a worker ant
    85 | D        | Killed a crimson imp
    85 | D        | Reached skill level 6 in Spellcasting
    85 | D        | Reached XP level 2. HP: 17/17 MP: 4/10
    85 | D        | Reached XP level 3. HP: 21/21 MP: 5/13
    92 | D        | Killed a worker ant
    92 | D        | Reached skill level 7 in Spellcasting
    92 | D        | Reached XP level 4. HP: 24/27 MP: 6/17
   101 | D        | Found a shadowy altar of Dithmenos.
   101 | D        | Found a bloodstained altar of Trog.
   101 | D        | Found a glowing silver altar of Zin.
   101 | D        | Found a basalt altar of Yredelemnul.
   101 | D        | Found a blossoming altar of Fedhas.
   101 | D        | Found a shattered altar of Ashenzari.
   101 | D        | Found an ancient bone altar of Kikubaaqudgha.
   105 | D        | Learned a level 2 spell: Cure Poison
   109 | D        | Learned a level 3 spell: Mephitic Cloud
   114 | D        | Learned a level 4 spell: Olgreb's Toxic Radiance
   114 | D        | Found an iron altar of Okawaru.
   115 | D        | Found a deep blue altar of Sif Muna.
   116 | D        | Found a white marble altar of Elyvilon.
   117 | D        | Found a snail-covered altar of Cheibriados.
   118 | D        | Found a burning altar of Makhleb.
   119 | D        | Found a sparkling altar of Nemelex Xobeh.
   120 | D        | Found a radiant altar of Vehumet.
   121 | D        | Found a glowing golden altar of the Shining One.
   122 | D        | Found a shimmering altar of Xom.
   123 | D        | Found a glowing silver altar of Zin.
   124 | D        | Found a blossoming altar of Fedhas.
   129 | D        | Became a worshipper of Vehumet
   157 | D        | Got the +2,+2 scimitar "Killer Bee's Death" {antimagic, rF+}
   243 | D        | Noticed a crimson imp
   243 | D        | Noticed a worker ant
   243 | D        | Noticed a jelly
   243 | D        | Noticed a killer bee
   249 | D        | Killed a crimson imp
   259 | D        | Killed a worker ant
   259 | D        | Reached XP level 5. HP: 28/31 MP: 10/19
   289 | D        | Killed a jelly
   289 | D        | Acquired Vehumet's first power
   289 | D        | Offered knowledge of Flame Tongue by Vehumet.
   289 | D        | Reached skill level 8 in Spellcasting
   290 | D        | Killed a jelly
   290 | D        | Reached skill level 9 in Poison Magic
   297 | D        | Killed a killer bee
   297 | D        | Reached skill level 10 in Poison Magic
   297 | D        | Reached XP level 6. HP: 15/36 MP: 4/22
   309 | D        | Learned a level 5 spell: Venom Bolt
   311 | D        | Learned a level 1 spell: Flame Tongue
   472 | D        | Noticed an orc wizard
   472 | D        | Noticed a mottled dragon
   472 | D        | Noticed a phantom
   472 | D        | Noticed a cyclops
   472 | D        | Noticed an iguana
   472 | D        | Noticed a yak
   476 | D        | Killed an orc wizard
   476 | D        | Offered knowledge of Magic Dart by Vehumet.
   498 | D        | Incinerated by a mottled dragon

Action                   |  1- 3 |  4- 6 || total
-------------------------+-------+-------++-------
Melee: Dagger            |    13 |     3 ||    16
       Unarmed           |     5 |       ||     5
       Halberd           |       |    13 ||    13
 Cast: Sting             |     3 |    11 ||    14
       Mephitic Cloud    |       |     5 ||     5
Evoke: Wand              |       |     1 ||     1
  Use: Potion            |     1 |     1 ||     2
       Scroll            |       |     1 ||     1
 Stab: Sleeping          |       |     2 ||     2
